 Dungeon Crawl Stone Soup version 0.30-a0-626-gd6a5dd7a1f (webtiles) character file.

Game seed: 7887632773573139479

2 Mitcholas the Shooter (level 1, -1/12 HPs)
             Began as a Deep Elf Hunter on Jan 11, 2023.
             Slain by a gnoll
             ... wielding a +0 spear
              (4 damage)
             ... on level 1 of the Dungeon.
             The game lasted 00:00:41 (61 turns).

Mitcholas the Shooter (Deep Elf Hunter)               Turns: 61, Time: 00:00:42

Health: -1/12      AC:  3    Str:  8    XL:     1   Next: 25%
Magic:  3/3        EV: 12    Int: 13    God:
Gold:   0          SH:  0    Dex: 18    Spells: 0/0 levels left

rFire   . . .      SeeInvis .    a - +0 shortbow
rCold   . . .      Faith    .    (shield currently unavailable)
rNeg    . . .      Spirit   .    c - +0 leather armour
rPois   .          Reflect  .    (no helmet)
rElec   .          Harm     .    (no cloak)
rCorr   .          Rampage  .    (no gloves)
Will    .....                    (no boots)
Stlth   ++                       (no amulet)
HPRegen 0.22/turn                (no ring)
MPRegen 0.08/turn                (no ring)

@: no status effects
A: no striking features
a: no special abilities


You were on level 1 of the Dungeon.
You visited 1 branch of the dungeon, and saw 1 of its levels.

Inventory:

Hand Weapons
 a - a +0 shortbow (weapon)
Armour
 c - a +0 leather armour (worn)
Scrolls
 b - a scroll of immolation
Potions
 d - a potion of lignification {unknown}


   Skills:
 + Level 1.6 Fighting
 * Level 5.3 Ranged Weapons
 + Level 2.4 Dodging
 + Level 1.3 Stealth


You couldn't memorise any spells.
You didn't know any spells.
Your spell library was empty.

Dungeon Overview and Level Annotations

Branches:
Dungeon (1/15)

Altars:


Message History

You kill the bat!
The bat hits you but does no damage.
You shoot an arrow. The arrow barely misses the bat.
The bat closely misses you.
Fire: a) +0 shortbow
Press: ? - help, Q - select action Shift-Dir - straight line, f - gnoll, p - bat
Aim: a gnoll, wielding a +0 spear (66% to hit)
You shoot an arrow. The arrow closely misses the gnoll.
The bat misses you.
The gnoll hits you from afar with a +0 spear.
Fire: a) +0 shortbow
Press: ? - help, Q - select action Shift-Dir - straight line, f/p - gnoll
Aim: a gnoll, wielding a +0 spear (66% to hit)
You shoot an arrow. The arrow closely misses the gnoll.
The bat misses you. The gnoll completely misses you.
Fire: a) +0 shortbow
Press: ? - help, Q - select action Shift-Dir - straight line, f/p - gnoll
Aim: a gnoll, wielding a +0 spear (66% to hit)
You shoot an arrow. The arrow hits the gnoll.
The gnoll is heavily wounded.
The bat barely misses you.
The gnoll hits you from afar with a +0 spear!
Ouch! That really hurt!
* * * LOW HITPOINT WARNING * * *
Fire: a) +0 shortbow
Press: ? - help, Q - select action Shift-Dir - straight line, f/p - gnoll
Aim: a gnoll, wielding a +0 spear (heavily wounded, 66% to hit)
You shoot an arrow. The arrow closely misses the gnoll.
The bat barely misses you. The gnoll barely misses you.
The gnoll completely misses you.
Fire: a) +0 shortbow
Press: ? - help, Q - select action Shift-Dir - straight line, f/p - gnoll
Aim: a gnoll, wielding a +0 spear (heavily wounded, 66% to hit)
You shoot an arrow.
The arrow hits the gnoll but does no damage.
The gnoll is heavily wounded.
The bat hits you.
* * * LOW HITPOINT WARNING * * *
The gnoll hits you from afar with a +0 spear.
You die...

#... .... #... ..# ... #g#
##†##.# ♣~ ♣♣♣ ##.@.#.###
~.~P♣♣.♣### ##..........
~~~~..~...###....b..####
~~~♣♣♣♣♣#.##.........####.
. ♣♣♣...'.........+...
♣..####.........##.# #.##
##.........#.# ###
##..........#
##.........########


You could see a gnoll and a bat.

Vanquished Creatures
  A hobgoblin (D:1)
  A bat (D:1)
2 creatures vanquished.

Notes
Turn   | Place    | Note
-------+----------+-------------------------------------------
     0 | D:1      | Mitcholas the Deep Elf Hunter began the quest for the Orb.
     0 | D:1      | Reached XP level 1. HP: 12/12 MP: 3/3
    61 | D:1      | Slain by a gnoll

Illustrated notes

Levels and vault maps discovered:
D:1:      dpeg_arrival_rooms_b, layout_loops_corners, serial_bayou,
          serial_bayou_pond_d, serial_bayou_crossing, serial_bayou_pond_d,
          serial_bayou_pond_d

Action                   || total
-------------------------++-------
 Fire: Shortbow          ||    10
Armor: Leather armour    ||     1
Dodge: Dodged            ||    13

Table legend: (Time is in decaauts)
 A = Elapsed time spent in this place.
 B = Non-inter-level travel time spent in this place.
 C = Inter-level travel time spent in this place.
 D = Time resting spent in this place.
 E = Time spent auto-exploring this place.
 F = Levels seen in this place.
 G = Mean time per level.
                   A        B        C        D        E       F      G
               +--------+--------+--------+--------+--------+-----+--------+
         Total |     64 |     64 |      0 |      0 |     49 |   1 |   64.0 |
       Dungeon |     64 |     64 |      0 |      0 |     49 |   1 |   64.0 |
               +--------+--------+--------+--------+--------+-----+--------+

Top non-repeatable levels by time:
     D:1: 64 daAuts
